 Seeded DCSS version 0.29-a0-1052-g6990b1bffc (webtiles) character file.

Game seed: 1 (custom seed)

784 Kazon the Slasher (level 7, -11/66 HPs)
             Began as a Naga Berserker on Aug 17, 2022.
             Was a Believer of Trog.
             Mangled by an ogre
             ... wielding a +0 giant club
              (25 damage)
             ... on level 4 of the Dungeon.
             The game lasted 00:19:12 (2418 turns).

Kazon the Slasher (Naga Berserker)                  Turns: 2418, Time: 00:19:12

Health: -11/66     AC: 11    Str: 23    XL:     7   Next: 86%
Magic:  7/7        EV:  6    Int:  7    God:    Trog [**....]
Gold:   58         SH:  0    Dex: 12    Spells: 6/6 levels left

rFire   x . .      SeeInvis +   t - +3 falchion of Winter {venom, rCorr}
rCold   . . .      Faith    .   (no shield)
rNeg    + + .      Spirit   .   b - +0 scale mail
rPois   +          Reflect  .   j - +0 helmet
rElec   .          Harm     .   (no cloak)
rCorr   +          Rampage  .   (no gloves)
Will    ++...                   d - +0 barding of Noxoet {Fly rF- rN++ Str+3 Stlth-}
Stlth   ..........              u - amulet of regeneration
HPRegen 2.01/turn               (no ring)
MPRegen 0.10/turn               (no ring)

@: strong-willed, on berserk cooldown, flying, regenerating, slowed, very slow
A: AC +2, large, see invisible, deformed body, poison resistance, slowness 2,
spit poison 1, naga tail 1
a: Spit Poison, Renounce Religion, Berserk, Trog's Hand


You were on level 4 of the Dungeon.
You worshipped Trog.
Trog was pleased with you.
You visited 1 branch of the dungeon, and saw 4 of its levels.

You collected 242 gold pieces.
You spent 184 gold pieces at shops.

Inventory:

Hand Weapons
 a - a +0 falchion
 e - a +2 dagger of venom
 t - the +3 falchion of Winter (weapon) {venom, rCorr}
   (You bought it in a shop on level 3 of the Dungeon)

   It poisons the flesh of those it strikes.
   rCorr:     It protects you from acid and corrosion.
Missiles
 i - a stone (quivered)
 k - 4 boomerangs
 s - 7 poisoned darts
Armour
 b - a +0 scale mail (worn)
 d - the +0 barding of Noxoet (worn) {Fly rF- rN++ Str+3 Stlth-}
   (You acquired it on level 1 of the Dungeon)

   Str:       It affects your strength (+3).
   rF:        It makes you vulnerable to fire.
   rN:        It greatly protects you from negative energy.
   Fly:       It grants you flight.
   Stlth:     It makes you less stealthy.
 j - a +0 helmet (worn)
Jewellery
 u - an amulet of regeneration (around neck)
Wands
 v - a wand of mindburst (12)
Scrolls
 h - 2 scrolls of identify {unknown}
 l - a scroll of immolation {unknown}
 m - a scroll of blinking {unknown}
 o - a scroll of fog {unknown}
 q - 2 scrolls of enchant weapon {unknown}
Potions
 c - a potion of haste {unknown}
 f - a potion of flight {unknown}
 g - a potion of attraction {unknown}
 n - a potion of ambrosia {unknown}
 p - a potion of berserk rage {unknown}
 r - a potion of magic {unknown}


   Skills:
 * Level 4.5 Fighting
 + Level 5.8 Long Blades
 + Level 1.2 Throwing
 + Level 3.3 Armour
 + Level 2.6 Dodging
 * Level 4.7 Stealth
 * Level 0.5 Evocations


You had 6 spell levels left.
You didn't know any spells.
Your spell library was empty.

Dungeon Overview and Level Annotations

Branches:
Dungeon (4/15)
 Temple: D:4-7

Altars:

Shops:
D:3 (


Innate Abilities, Weirdness & Mutations

Your serpentine skin is tough. (AC +2)
You have supernaturally acute eyesight. (SInv)
Armour fits poorly on your strangely shaped body.
Your system is resistant to poisons. (rPois)
You cover ground very slowly.
You can spit poison.
You have a snake-like lower body.


Message History

The water moccasin is severely wounded.
You feel sick.
You barely miss the water moccasin.
The water moccasin is severely wounded.
The water moccasin bites you but does no damage.
You slash the water moccasin!
You kill the water moccasin!
Trog accepts your kill.
You feel sick.
You hit the orc.
The orc is poisoned.
The orc is almost dead.
You feel sick. The orc hits you but does no damage.
You slash the orc!
You kill the orc!
Trog accepts your kill.
You feel sick. The ogre closely misses you.
Things that are here:
a +0 club; a water moccasin corpse You hit the ogre.
The ogre is poisoned.
The ogre is lightly wounded.
You feel sick.
You closely miss the ogre.
The ogre is lightly wounded.
You are no longer berserk.
You are exhausted.
You feel yourself slow down.
You feel sick.
You are no longer poisoned.
The ogre hits you with a +0 giant club!
You hit the ogre.
The ogre is moderately wounded.
The ogre hits you with a +0 giant club!
You hit the ogre.
The ogre looks even sicker.
The ogre is heavily wounded.
The ogre hits you with a +0 giant club!
* * * LOW HITPOINT WARNING * * *
Unknown command.
Your skin crawls.
You feel strong-willed.
The ogre hits you with a +0 giant club!!
You die...

.. . #### # #
###..# ##.##..
###.....
.#....###.[...)#
##....###......#'#
#O..###......###)#
#@###......###...#
#'#......###...###
#......###...###.#
##......##..##...#
###......##....###
#.##......##..##.#
#..##......##....#
##..##......##).##
#....##......##..#


You could see an ogre (very poisoned).

Vanquished Creatures
  A water moccasin (D:4)
  A black bear (D:4)
  2 ogres (D:4)
  A phantom (D:4)
  A howler monkey (D:4)
  2 hounds (D:4)
  An orc priest (D:4)
  An iguana (D:4)
  An orc wizard (D:4)
  Natasha (D:4)
  3 gnolls (D:2)
  2 adders (D:2)
  An ufetubus (D:4)
  2 worms
  3 dart slugs
  8 orcs
  7 endoplasms
  A giant cockroach (D:1)
  8 goblins
  10 hobgoblins
  7 jackals
  6 kobolds
  4 quokkas
  5 ball pythons
  2 bats
  4 frilled lizards
  5 rats
90 creatures vanquished.

Notes
Turn   | Place    | Note
-------+----------+-------------------------------------------
     0 | D:1      | Kazon the Naga Berserker began the quest for the Orb.
     0 | D:1      | Reached XP level 1. HP: 21/21 MP: 1/1
   106 | D:1      | Identified a scroll of acquirement
   106 | D:1      | Acquired the +0 barding of Noxoet {Fly rF- rN++ Str+3
                  | Stlth-}
   182 | D:1      | Reached XP level 2. HP: 28/28 MP: 2/2
   621 | D:2      | Reached XP level 3. HP: 28/34 MP: 3/3
   888 | D:2      | Reached XP level 4. HP: 42/42 MP: 4/4
   904 | D:2      | Reached skill level 4 in Long Blades
   904 | D:2      | Reached skill level 1 in Stealth
  1042 | D:2      | Reached ** piety under Trog
  1549 | D:3      | Found Umat's Antique Weapon Boutique.
  1553 | D:3      | Bought a crude falchion for 184 gold pieces
  1553 | D:3      | Identified the +3 falchion of Winter {venom, rCorr} (You
                  | bought it in a shop on level 3 of the Dungeon)
  1880 | D:4      | Reached XP level 5. HP: 43/50 MP: 5/5
  1880 | D:4      | Noticed an ogre
  1884 | D:4      | Killed an ogre
  1885 | D:4      | Reached XP level 6. HP: 57/57 MP: 6/6
  1911 | D:4      | Noticed Natasha
  1919 | D:4      | Killed Natasha
  2081 | D:4      | Reached skill level 1 in Throwing
  2129 | D:4      | Reached skill level 5 in Long Blades
  2129 | D:4      | Reached XP level 7. HP: 64/64 MP: 7/7
  2348 | D:4      | Reached *** piety under Trog
  2418 | D:4      | Mangled by an ogre

Illustrated notes

Levels and vault maps discovered:
D:1:      dpeg_arrival_three_smaller_balls, layout_basic
D:2:      layout_loops_ring
D:3:      layout_basic, serial_shops, nicolae_shop_stone, st_stairs_7
D:4:      minmay_razor_zed, layout_basic, worldfamousw_hep_ancestral_shrine,
          uniq_eustachio, uniq_natasha

Skill      XL: |  1  2  3  4  5  6  7 |
---------------+----------------------+-----
Armour         | 2 3 |  3.3
Long Blades    | 4 5 |  5.8
Stealth        | 2 3 4 |  4.7
Dodging        | 2 |  2.6
Throwing       | 1 |  1.2
Fighting       | 4 |  4.5
Evocations     | |  0.5

Action                   |  1- 3 |  4- 6 |  7- 9 || total
-------------------------+-------+-------+-------++-------
Melee: Falchion          |    41 |    45 |    72 ||   158
       Dagger            |    15 |    42 |       ||    57
       Punch             |       |     1 |     1 ||     2
Throw: Boomerang         |     4 |       |       ||     4
       Stone             |     2 |    13 |     6 ||    21
Invok: Berserk           |     1 |     2 |     1 ||     4
       Trog's Hand       |       |       |     1 ||     1
 Abil: Spit Poison       |    25 |    13 |     4 ||    42
  Use: Scroll            |     1 |       |       ||     1
Armor: Animal skin       |    16 |       |       ||    16
       Chain mail        |     9 |    32 |       ||    41
       Scale mail        |       |    13 |    45 ||    58
Dodge: Dodged            |    18 |    27 |    23 ||    68

Table legend: (Time is in decaauts)
 A = Elapsed time spent in this place.
 B = Non-inter-level travel time spent in this place.
 C = Inter-level travel time spent in this place.
 D = Time resting spent in this place.
 E = Time spent auto-exploring this place.
 F = Levels seen in this place.
 G = Mean time per level.
                   A        B        C        D        E       F      G
               +--------+--------+--------+--------+--------+-----+--------+
         Total |   3225 |   3055 |    170 |      6 |    788 |   4 |  806.2 |
       Dungeon |   3225 |   3055 |    170 |      6 |    788 |   4 |  806.2 |
               +--------+--------+--------+--------+--------+-----+--------+

Top non-repeatable levels by time:
     D:2: 1004 daAuts
     D:1: 860 daAuts
     D:4: 724 daAuts
     D:3: 636 daAuts
